 Dungeon Crawl Stone Soup version 0.30.1-3-gfc49f6343a (webtiles) character file.

Game seed: 1577211219414020598

100 Wiggles the Chopper (level 4, -1/40 HPs)
             Began as a Minotaur Berserker on Aug 4, 2023.
             Was a Believer of Trog.
             Slain by a gnoll
             ... wielding a +0 flail
              (2 damage)
             ... on level 2 of the Dungeon.
             The game lasted 00:02:03 (1371 turns).

Wiggles the Chopper (Minotaur Berserker)            Turns: 1371, Time: 00:02:03

Health: -1/40      AC:  6    Str: 24    XL:     4   Next: 47%
Magic:  3/3        EV: 10    Int:  4    God:    Trog [**....]
Gold:   70         SH:  0    Dex:  9    Spells: 3/3 levels left

rFire   . . .        a - +0 hand axe
rCold   . . .        (no shield)
rNeg    . . .        g - +0 scale mail
rPois   .            (helmet restricted)
rElec   .            (no cloak)
rCorr   .            (no gloves)
SInv    .            (no boots)
Will    .....        (no amulet) Stlth
                     (no ring)
HPRegen 0.26/turn    (no ring)
MPRegen 0.08/turn

%: no passive effects
@: on berserk cooldown, slowed, very slow
A: horns 2, retaliatory headbutt
a: Renounce Religion, Berserk, Trog's Hand


You were on level 2 of the Dungeon.
You worshipped Trog.
Trog was pleased with you.
You visited 1 branch of the dungeon, and saw 2 of its levels.

You collected 70 gold pieces.

Inventory:

Hand Weapons
 a - a +0 hand axe (weapon)
Armour
 g - a +0 scale mail (worn)
Scrolls
 b - a scroll of magic mapping {unknown}
 c - a scroll of teleportation {unknown}
 e - a scroll of acquirement {unknown}
 f - a scroll of identify {unknown}
Potions
 d - a potion of attraction {unknown}
 h - a potion of lignification {unknown}


   Skills:
 - Level 3.6 Fighting
 + Level 6.4 Axes
 - Level 2.4 Armour
 - Level 2.2 Dodging


You had 3 spell levels left.
You didn't know any spells.
Your spell library was empty.

Dungeon Overview and Level Annotations

Branches:
Dungeon (2/15)

Altars:


Innate Abilities, Weirdness & Mutations

You have a pair of horns on your head.
You reflexively headbutt those who attack you in melee.


Message History

You hit the gnoll. The gnoll closely misses you.
The gnoll hits you with a +0 whip.
Your Axes skill increases to level 6!
The worm bites you but does no damage.
Things that are here:
a +0 club; a gnoll corpse You barely miss the gnoll.
Your headbutt misses the gnoll. You barely miss the worm. You slash the gnoll!
You kill the gnoll!
Trog accepts your kill. The gnoll hits you with a +0 halberd.
* * * LOW HITPOINT WARNING * * *
You slash the gnoll!
The gnoll is severely wounded.
You slash the worm! The gnoll hits you with a +0 halberd!
* * * LOW HITPOINT WARNING * * *
You barely miss the gnoll.
The gnoll is severely wounded.
You barely miss the worm. The worm closely misses you. You furiously retaliate!
You headbutt the worm! You completely miss the gnoll.
The gnoll is severely wounded.
You hit the worm.
You kill the worm!
Trog accepts your kill. The gnoll hits you with a +0 halberd!
* * * LOW HITPOINT WARNING * * *
You slash the gnoll!
You kill the gnoll!
Trog accepts your kill.
You slash the gnoll! The gnoll closely misses you.
Things that are here:
a +0 halberd; a gnoll corpse You feel a strong urge to attack something.
The gnoll barely misses you.
You are no longer berserk.
You are exhausted.
You feel yourself slow down. The gnoll hits you with a +0 flail.
You die...

#######.###...#.#
#.##.###...#[####
#.#...#..........
##.#.♣.##......###
#..#...#....##.#.#
#..##<###...#.#.#.
#...### ###.##.#.#
#..########.#.#.#.
##@...........#.#.#
#..g...........#.#.
#..)###########.#.#
#..)# #.#.#.
#.).##### ##.#.#
.....#......#
#.#.#.
###.#..####.#
##.#÷# #....# #.#
#.#.#. #...#
#.#######.###


You could see a gnoll.

Vanquished Creatures
  3 gnolls (D:2)
  2 adders (D:2)
  A worm (D:2)
  6 bats
  10 endoplasms
  2 giant cockroaches
  4 goblins
  2 hobgoblins (D:1)
  3 jackals (D:1)
  5 quokkas
  3 ball pythons (D:1)
  3 kobolds
  4 rats
48 creatures vanquished.

Notes
Turn   | Place    | Note
-------+----------+-------------------------------------------
     0 | D:1      | Wiggles the Minotaur Berserker began the quest for the Orb.
     0 | D:1      | Reached XP level 1. HP: 19/19 MP: 0/0
   245 | D:1      | Reached skill level 4 in Axes
   261 | D:1      | Reached XP level 2. HP: 23/27 MP: 1/1
   574 | D:1      | Reached skill level 5 in Axes
   578 | D:1      | Reached XP level 3. HP: 31/33 MP: 2/2
   925 | D:2      | Identified the +6 rapier "Utes Wab" {antimagic, Fly rF-
                  | rCorr Int+3 Dex+4}
   932 | D:2      | Reached ** piety under Trog
  1266 | D:2      | Reached XP level 4. HP: 40/40 MP: 3/3
  1362 | D:2      | Reached skill level 6 in Axes
  1366 | D:2      | HP: 1/60 [gnoll/+0 halberd (8)]
  1371 | D:2      | Slain by a gnoll

Illustrated notes

Levels and vault maps discovered:
D:1:      psy_arrival_basics, layout_basic
D:2:      layout_loops_ring, grunt_ministairs_5, dreamdust_wishing_well,
          chequers_serial_rivers_room_b, minivault_23

Skill      XL: |  1  2  3  4 |
---------------+-------------+-----
Axes           | 4 5 6 |  6.4
Fighting       | |  3.6
Armour         | |  2.4
Dodging        | |  2.2

Action                     |  1- 3 |  4- 6 || total
---------------------------+-------+-------++-------
  Melee: Hand axe          |    95 |     9 ||   104
         Headbutt          |    12 |       ||    12
         Punch             |     1 |       ||     1
 Invoke: Berserk           |       |     1 ||     1
 Armour: Leather armour    |    15 |       ||    15
         Scale mail        |    11 |     1 ||    12
  Dodge: Dodged            |    39 |     6 ||    45
